cohdb
Replays
Latest Replays
All Replays
Popular Replays
Top Player Replays
Match Explorer
How It Works
Community
CoH3 Stats
Reddit
Sign in to upload your games and track your stats! →
Sign in with Steam
Match 43367657
Unlisted
Match 43367657
Overview
Messages
Build Orders
End
Panzerpioneer Squad
Panzergrenadier Squad
Selects Armored Support Battlegroup
250 Light Carrier
Construct Light Support Kompanie
MG34 Team
Selects Superior Fire Drills
Assault Grenadier Squad
Panzerjäger Mechanized Group
Fire Support Elements
Assault Grenadier Squad
2.5-tonne Medical Truck
只愛❤毛妹
zankdz
0
0
Comments
sign in to comment!
No comments posted yet!